 Dungeon Crawl Stone Soup version 0.20.1-1-g8b1a95d (webtiles) character file.

3094 mopl the Cleaver (level 10, 0/115 HPs)
             Began as a Formicid Wanderer on Sept 22, 2017.
             Was an Elder of Uskayaw.
             Slain by a very large slime creature (17 damage)
             ... on level 8 of the Dungeon.
             The game lasted 00:09:39 (6083 turns).

mopl the Cleaver (Formicid Wanderer)                Turns: 6083, Time: 00:09:39

Health: 0/115      AC: 25    Str: 25    XL:     10   Next: 13%
Magic:  14/14      EV:  2    Int: 12    God:    Uskayaw [****..]
Gold:   357        SH:  5    Dex: 15    Spells: 13/13 levels left

rFire    . . .     SeeInvis .   a - +3 hand axe
rCold    . . .     Gourm    .   l - +0 buckler
rNeg     + + +     Faith    .   (armour currently unavailable)
rPois    +         Spirit   .   (helmet unavailable)
rElec    .         Reflect  .   (cloak currently unavailable)
rCorr    .         Harm     .   (gloves currently unavailable)
MR       ++...                  (boots currently unavailable)
Stlth    ++........             (no amulet)
Regen    0.3/turn               E - ring of protection from magic
MPRegen  0.2/turn               T - ring of teleportation (curse)

@: mighty, agile, tree-form, drained
A: permanent stasis, dig shafts and tunnels, four strong arms, dopey 1, strong
1, wild magic 1
a: Stomp, Line Pass, Renounce Religion


You were on level 8 of the Dungeon.
You worshipped Uskayaw.
Uskayaw was noncommittal.
You were not hungry.
You were a tree.
You visited 1 branch of the dungeon, and saw 8 of its levels.

You collected 357 gold pieces.

Inventory:

Hand Weapons
 a - a +3 hand axe (weapon)
Missiles
 g - 5 javelins (quivered)
 h - 19 poisoned needles
 I - 4 curare-tipped needles
 L - 6 tomahawks
Armour
 j - a +0 pair of boots (melded)
 l - a +0 buckler (worn)
 o - a scarf of repulsion (melded)
 s - a +0 chain mail of poison resistance (melded)
 w - a +2 pair of gloves of dexterity (melded)
 W - the +5 robe of Opraefil {Dex+3, unknown}
   (You found it on level 8 of the Dungeon)

   It affects your dexterity (+3).
Magical Staves
 D - an uncursed staff of earth {unknown}
Jewellery
 E - a ring of protection from magic (left branch)
 T - a cursed ring of teleportation (right branch)
Wands
 v - a wand of random effects (38/48)
 y - a wand of lightning (4/15)
 B - a wand of flame (11/48)
 M - a wand of lightning (6/15)
 U - a wand of iceblast (8/15)
 V - a wand of acid (12/15)
Scrolls
 r - 4 scrolls of identify {unknown}
 t - 5 scrolls of random uselessness {unknown}
 u - 5 scrolls of blinking {unknown}
 A - 2 scrolls of recharging {unknown}
 C - a scroll of enchant weapon {unknown}
 G - 5 scrolls of teleportation {unknown}
 H - a scroll of noise {unknown}
 J - a scroll of enchant armour {unknown}
 N - 2 scrolls of remove curse {unknown}
 O - a scroll of silence {unknown}
 P - 2 scrolls of amnesia {unknown}
 Q - 2 scrolls of immolation {unknown}
 S - a scroll of acquirement {unknown}
Potions
 e - 2 potions of mutation {!q}
 k - a potion of resistance
 n - 3 potions of agility
 p - 3 potions of might
 q - 2 potions of flight
 x - a potion of experience {unknown}
 z - a potion of curing
 F - a potion of berserk rage {unknown}
 R - 3 potions of haste
Books
 b - the Tome of Transmigration

   Spells                             Type                      Level
   a - Passwall                       Transmutation/Earth          2
   b - Sticks to Snakes               Transmutation                2
Comestibles
 d - 6 royal jellies
 f - 5 bread rations
 i - 10 fruits
 m - 4 meat rations


   Skills:
 + Level 6.4(5.9) Fighting
 * Level 8.1(7.6) Axes
   Level 1.0(0.5) Crossbows
 - Level 1.0(0.5) Throwing
 + Level 6.4(5.9) Armour
 - Level 5.4(4.9) Shields
 - Level 2.1(1.7) Spellcasting
   Level 1.7(1.3) Translocations
   Level 1.0(0.5) Ice Magic
 + Level 5.8(5.3) Invocations


You had 13 spell levels left.
You didn't know any spells.

Dungeon Overview and Level Annotations

Branches:
Dungeon (8/15)             Temple (0/1) D:7
   Lair: D:8-11

Altars:
Ashenzari
Dithmenos
Nemelex Xobeh
Okawaru
Qazlal
Sif Muna
Uskayaw
Vehumet
Yredelemnul
The Shining One


Innate Abilities, Weirdness & Mutations

You cannot be hasted, slowed, berserked, paralysed or teleported.
You can dig through walls and to a lower floor.
Your four strong arms can wield two-handed weapons with a shield.
((You have a pair of large antennae on your head. (SInv)))
You are dopey. (Int -2)
((You are covered in fur. (AC +1)))
Your muscles are strong. (Str +2)
Your spells are a little harder to cast, but a little more powerful.


Message History

The kobold throws a stone.
You block the stone. The slime creature hits you!
* * * LOW HITPOINT WARNING * * *
The slime creature hits you.
* * * LOW HITPOINT WARNING * * *
It was a potion of mutation.
You feel extremely strange.
You feel less in control of your magic.
You feel stupid.
You feel stronger. Fur sprouts all over your body.
The kobold throws a stone.
The stone hits you but does no damage.
The slime creature hits you but does no damage.
The slime creature barely misses you.
It was a potion of might.
You feel very mighty all of a sudden.
The kobold throws a stone.
The stone barely misses you.
Two slime creatures merge to form a very large slime creature.
The slime creature hits you but does no damage.
It was a potion of flight.
Your roots keep you in place.
The slime creature hits you but does no damage.
It was a potion of curing.
You feel better. You block the kobold's attack.
The very large slime creature hits you!
You die...

###.##### ........#
#######<# #.######
#.....(# #.{###K#
#..###♣######
#(.gOJJ.....####
#.####.####..........
#......####(.(.......
#...#........###.####
........).....# #
..............#
#...###.......# ###
..............# ..#
#+##


You could see a very large slime creature, a slime creature, an ogre, a gnoll
and a kobold.

Vanquished Creatures
  Grinder (D:3)
  A hungry ghost (D:5)
  Menkaure (D:4)
  Duvessa (D:7)
  2 sky beasts (D:5)
  3 phantoms
  An orc warrior (D:6)
  3 ice beasts
  3 ogres
  A centaur (D:5)
  Blork the orc (D:5)
  3 bullfrogs
  Dowan (D:7)
  A scorpion (D:6)
  A wyvern skeleton (D:6)
  4 howler monkeys
  A centaur skeleton (D:6)
  4 hounds
  4 orc wizards
  Ijyb (D:3)
  2 iguanas
  6 worker ants
  Natasha (thrice) (D:3)
  A killer bee zombie (D:6)
  2 worker ant zombies
  A gnoll (D:8)
  10 adders
  A howler monkey skeleton (D:6)
  2 oozes
  3 adder skeletons
  3 worms
  5 dart slugs
  3 leopard geckos
  14 orcs
  4 bats
  5 giant cockroaches
  7 hobgoblins
  3 jackals (D:2)
  8 kobolds
  4 quokkas
  2 frilled lizards
  12 goblins
  A jackal zombie (D:7)
  6 rats
146 creatures vanquished.

Notes
Turn   | Place    | Note
-------+----------+-------------------------------------------
     0 | D:1      | mopl the Formicid Wanderer began the quest for the Orb.
     0 | D:1      | mopl set off with: a +2 scale mail, the Tome of Transmigration, a potion of lignification {!q}, a +0 club, a bread ration
     0 | D:1      | Reached XP level 1. HP: 13/13 MP: 3/3
     0 | D:1      | Identified the Tome of Transmigration
   320 | D:1      | Reached skill level 1 in Fighting
   320 | D:1      | Reached XP level 2. HP: 20/21 MP: 5/5
   556 | D:1      | Reached skill level 2 in Fighting
   556 | D:1      | Reached XP level 3. HP: 18/27 MP: 6/6
   870 | D:2      | Found a stormy altar of Qazlal.
   933 | D:2      | Found a glowing golden altar of the Shining One.
   992 | D:2      | Reached skill level 1 in Axes
  1318 | D:2      | Reached XP level 4. HP: 31/34 MP: 7/7
  1430 | D:2      | Found a shattered altar of Ashenzari.
  1645 | D:3      | Noticed Ijyb
  1661 | D:3      | Killed Ijyb
  1661 | D:3      | Reached skill level 2 in Axes
  1661 | D:3      | Reached skill level 3 in Armour
  1661 | D:3      | Reached XP level 5. HP: 22/39 MP: 8/8
  1890 | D:3      | Noticed Grinder
  1911 | D:3      | Killed Grinder
  1911 | D:3      | Reached skill level 3 in Fighting
  1911 | D:3      | Reached skill level 3 in Axes
  1911 | D:3      | Reached skill level 2 in Shields
  1911 | D:3      | Reached XP level 6. HP: 13/47 MP: 9/9
  2284 | D:3      | Noticed Natasha
  2296 | D:3      | Killed Natasha
  2343 | D:3      | Noticed Natasha
  2361 | D:3      | Killed Natasha
  2471 | D:3      | Reached XP level 7. HP: 52/52 MP: 10/10
  2576 | D:3      | Reached skill level 3 in Shields
  2627 | D:3      | Found a hide-covered altar of Uskayaw.
  2633 | D:3      | Became a worshipper of Uskayaw the Reveler
  2683 | D:3      | Noticed Natasha
  2685 | D:3      | Reached * piety under Uskayaw
  2689 | D:3      | Reached ** piety under Uskayaw
  2691 | D:3      | Killed Natasha
  2691 | D:3      | Reached skill level 4 in Armour
  2809 | D:4      | Reached skill level 4 in Axes
  2814 | D:4      | Noticed Menkaure
  2830 | D:4      | Reached *** piety under Uskayaw
  2831 | D:4      | Killed Menkaure
  2831 | D:4      | Reached skill level 4 in Fighting
  2831 | D:4      | Reached skill level 1 in Invocations
  3265 | D:5      | Entered Level 5 of the Dungeon
  3273 | D:5      | Reached XP level 8. HP: 60/60 MP: 11/11
  3275 | D:5      | Reached **** piety under Uskayaw
  3277 | D:5      | Reached skill level 5 in Axes
  3308 | D:5      | Reached skill level 4 in Shields
  3312 | D:5      | Reached skill level 2 in Invocations
  3456 | D:5      | Reached skill level 5 in Armour
  3479 | D:5      | Reached skill level 3 in Invocations
  3515 | D:5      | Reached skill level 5 in Fighting
  3515 | D:5      | Reached skill level 6 in Axes
  3534 | D:5      | Noticed Blork the orc
  3547 | D:5      | Killed Blork the orc
  3547 | D:5      | Reached skill level 5 in Shields
  3547 | D:5      | Reached XP level 9. HP: 45/68 MP: 12/12
  3695 | D:5      | Found a deep blue altar of Sif Muna.
  3835 | D:5      | Found a sparkling altar of Nemelex Xobeh.
  4446 | D:6      | Reached skill level 4 in Invocations
  4775 | D:6      | Reached skill level 7 in Axes
  5042 | D:6      | Found a shadowy altar of Dithmenos.
  5083 | D:6      | Found a basalt altar of Yredelemnul.
  5171 | D:6      | Reached skill level 5 in Invocations
  5189 | D:6      | Reached skill level 6 in Armour
  5443 | D:7      | Reached skill level 6 in Fighting
  5445 | D:7      | Reached ***** piety under Uskayaw
  5474 | D:7      | Found a radiant altar of Vehumet.
  5614 | D:7      | Noticed Duvessa
  5616 | D:7      | Noticed Dowan
  5630 | D:7      | Killed Duvessa
  5630 | D:7      | Reached XP level 10. HP: 74/76 MP: 14/14
  5637 | D:7      | Killed Dowan
  5802 | D:7      | Found a staircase to the Ecumenical Temple.
  5808 | D:7      | Reached skill level 8 in Axes
  5884 | D:8      | Got a heavy robe
  5899 | D:8      | Found an iron altar of Okawaru.
  6079 | D:8      | HP: 5/115 [slime creature (4)]
  6080 | D:8      | Gained mutation: Your spells are a little harder to cast, but a little more powerful. [potion of mutation]
  6080 | D:8      | Gained mutation: You are dopey. (Int -2) [potion of mutation]
  6080 | D:8      | Gained mutation: Your muscles are strong. (Str +2) [potion of mutation]
  6080 | D:8      | Gained mutation: You are covered in fur. (AC +1) [potion of mutation]
  6083 | D:8      | Slain by a very large slime creature

Skill      XL: |  1  2  3  4  5  6  7  8  9 10 |
---------------+-------------------------------+-----
Fighting       | 1 2 3 4 5 6 |  6.4
Axes           | 1 2 3 4 6 7 8 |  8.1
Armour         | 3 4 5 6 |  6.4
Shields        | 2 3 5 |  5.4
Invocations    | 1 3 5 |  5.8
Crossbows      | |  1.0
Throwing       | |  1.0
Spellcasting   | |  2.1
Translocations | |  1.7
Ice Magic      | |  1.0

Action                   |  1- 3 |  4- 6 |  7- 9 | 10-12 || total
-------------------------+-------+-------+-------+-------++-------
Melee: Club              |   104 |       |       |       ||   104
       Hand axe          |    39 |   105 |   460 |    64 ||   668
Throw: Javelin           |       |     3 |     1 |       ||     4
 Abil: Dig               |       |     1 |     1 |     1 ||     3
  Use: Potion            |       |     1 |     1 |     6 ||     8
 Stab: Paralysed         |       |       |    12 |    10 ||    22
  Eat: Chunk             |     1 |     4 |    17 |     1 ||    23
Armor: Scale mail        |    64 |       |       |       ||    64
       Chain mail        |     5 |    64 |   198 |    33 ||   300
       Skin              |       |     3 |     4 |    24 ||    31
Dodge: Dodged            |    86 |    20 |   127 |    20 ||   253
       Deflected         |     2 |       |     4 |     5 ||    11
Block: Buckler           |     5 |    19 |    98 |    22 ||   144
